 Dungeon Crawl Stone Soup version 0.28.0-47-ge53b351184 (webtiles) character file.

Game seed: 4548069153120735738

1855 Zeld the Conjurer (level 8, -1/68 HPs)
             Began as a Pale Draconian Conjurer on Apr 29, 2022.
             Slain by Grinder (2 damage)
             ... while paralysed by Grinder
             ... on level 6 of the Dungeon.
             The game lasted 00:11:48 (7854 turns).

Zeld the Conjurer (Pale Draconian Conjurer)         Turns: 7854, Time: 00:11:49

Health: -1/68      AC:  7    Str: 10    XL:     8   Next: 89%
Magic:  5/15       EV:  2    Int: 20    God:
Gold:   253        SH:  0    Dex: 10    Spells: 5/16 levels left

rFire   . . .      SeeInvis .   (no weapon)
rCold   . . .      Faith    .   (no shield)
rNeg    . . .      Spirit   .   (armour unavailable)
rPois   .          Reflect  .   (helmet restricted)
rElec   .          Harm     .   f - +0 cloak
rCorr   .          Rampage  .   (no gloves)
Will    .....                   (no boots)
Stlth   ++........              (no amulet)
HPRegen 0.21/turn               (no ring)
MPRegen 0.14/turn               (no ring)

@: paralysed
A: breathe steam, AC +6, unfitting armour, cold-blooded, steam resistance
a: Breathe Steam


You were on level 6 of the Dungeon.
You visited 1 branch of the dungeon, and saw 6 of its levels.
You also visited: Sewer and Ossuary.

You collected 253 gold pieces.

Inventory:

Armour
 f - a +0 cloak (worn)
Wands
 j - a wand of mindburst (6)
 q - a wand of flame (26)
Scrolls
 a - 9 scrolls of identify {unknown}
 b - 2 scrolls of summoning {unknown}
 e - a scroll of magic mapping {unknown}
 h - 3 scrolls of fear {unknown}
 i - 5 scrolls of amnesia {unknown}
 o - 2 scrolls of teleportation {unknown}
 p - a scroll of brand weapon {unknown}
Potions
 c - 5 potions of curing
 d - 5 potions of lignification {unknown}
 g - 3 potions of heal wounds {unknown}
 k - 2 potions of magic {unknown}
 l - a potion of ambrosia {unknown}
 m - 2 potions of invisibility {unknown}
 n - a potion of might {unknown}
 r - a potion of resistance
 s - a potion of flight {unknown}
 t - a potion of brilliance {unknown}


   Skills:
 * Level 5.2 Fighting
 + Level 3.5 Dodging
 + Level 3.9 Stealth
 * Level 4.9 Spellcasting
 * Level 6.3 Conjurations
 - Level 2.0 Hexes
 - Level 2.0 Translocations
 * Level 4.8 Evocations


You had 5 spell levels left.
You knew the following spells:

 Your Spells              Type           Power      Damage    Failure   Level
a - Magic Dart            Conj           100%       1d8       1%          1
b - Searing Ray           Conj           60%        2d6       1%          2
c - Fulminant Prism       Conj/Hex       10%        3d9       21%         4
d - Iskenderun's Mystic   Conj/Tloc      21%        2d6       21%         4

Your spell library contained the following spells:

 Spells                   Type           Power      Damage    Failure   Level
 Dazzling Flash           Conj/Hex       42%        N/A       6%          3


Dungeon Overview and Level Annotations

Branches:
Dungeon (6/15)              Sewer (visited)         Ossuary (visited)
 Temple: D:4-7

Altars:
Qazlal

Annotations:
D:5 Dowan, Duvessa
D:6 Grinder


Innate Abilities, Weirdness & Mutations

You can breathe blasts of scalding, opaque steam.
Your pale cyan-grey scales are hard. (AC +6)
You cannot fit into any form of body armour.
You are cold-blooded and may be slowed by cold attacks.
You are immune to the effects of steam.


Message History

The searing ray hits Grinder!
Grinder is almost dead. (Press . to maintain the ray.)
The centaur wields a +0 shortbow.
The centaur shoots an arrow.
The arrow hits you. Grinder gestures at you.
You suddenly lose the ability to move!
The centaur shoots an arrow.
The arrow hits you. Grinder gestures at you. Pain shoots through your body!
The centaur shoots an arrow.
The arrow hits you. Grinder hits you!
You writhe in agony.
The centaur shoots an arrow.
The arrow hits you.
You can move again.
Unknown command.
Unknown command.
The centaur shoots an arrow.
The arrow barely misses you. Grinder closely misses you.
Grinder blinks!
The centaur shoots an arrow.
The arrow closely misses you. Grinder gestures at you.
You suddenly lose the ability to move!
Grinder gestures at you.
You shrug off the repeated paralysis!
The centaur shoots an arrow.
The arrow hits you!
The centaur shoots an arrow.
The arrow hits you!
* * * LOW HITPOINT WARNING * * *
Grinder barely misses you.
The centaur shoots an arrow.
The arrow hits you!
* * * LOW HITPOINT WARNING * * *
Grinder hits you.
* * * LOW HITPOINT WARNING * * *
You writhe in agony.
* * * LOW HITPOINT WARNING * * *
The centaur unwields a +0 shortbow.
The centaur hits you but does no damage.
The centaur kicks you.
* * * LOW HITPOINT WARNING * * *
Grinder hits you.
* * * LOW HITPOINT WARNING * * *
You writhe in agony.
You die...

#.# #.# #c## #..#
##.# ..# #.##..#
#..#..# ####c#..#
###..@....#
........5...#####
#####............
#.......###
#.?..#..# #.#
######.[# #.#
##รท# #.# #.# #.#
#.# #.#


You could see Grinder and a centaur.

Vanquished Creatures
  Pikel (D:6)
  Menkaure (D:5)
  A sky beast (D:6)
  A black bear (D:5)
  4 ogres
  A phantom (D:6)
  Blork the orc (D:5)
  A scorpion (D:4)
  2 centaur zombies (Ossuary)
  A hound (D:6)
  A bullfrog zombie (D:5)
  A centaur skeleton (D:5)
  A human zombie (Ossuary)
  A jelly (D:5)
  A hell rat (Sewer)
  4 mummies (Ossuary)
  8 adders
  2 gnolls (D:4)
  A river rat (Sewer)
  A white imp (D:5)
  An ufetubus (D:4)
  2 worms (D:2)
  3 dart slugs (D:4)
  8 orcs
  7 endoplasms
  9 giant cockroaches
  A gnoll zombie (Ossuary)
  13 goblins
  18 hobgoblins
  3 jackals (D:1)
  7 quokkas
  4 ball pythons
  11 bats
  6 frilled lizards
  A hobgoblin zombie (Ossuary)
  14 kobolds
  A kobold zombie (Ossuary)
  2 orc zombies (Ossuary)
  13 rats
159 creatures vanquished.

Notes
Turn   | Place    | Note
-------+----------+-------------------------------------------
     0 | D:1      | Zeld the Draconian Conjurer began the quest for the Orb.
     0 | D:1      | Reached XP level 1. HP: 14/14 MP: 3/3
   573 | D:1      | Reached XP level 2. HP: 22/22 MP: 3/5
   604 | D:1      | Reached skill level 1 in Fighting
   607 | D:1      | Learned a level 2 spell: Searing Ray
  1010 | D:1      | Reached XP level 3. HP: 28/28 MP: 3/6
  1837 | D:2      | Reached XP level 4. HP: 36/36 MP: 4/7
  2857 | D:3      | Found a glowing drain.
  2920 | Sewer    | Entered a sewer
  3139 | Sewer    | Reached XP level 5. HP: 32/42 MP: 0/9
  4169 | D:4      | Reached skill level 1 in Evocations
  4221 | D:4      | Noticed an ogre
  4483 | D:4      | Noticed an ogre
  4489 | D:4      | Killed an ogre
  4490 | D:4      | Reached skill level 5 in Conjurations
  4490 | D:4      | Reached XP level 6. HP: 51/51 MP: 1/11
  4495 | D:4      | Learned a level 4 spell: Fulminant Prism
  4500 | D:4      | Learned a level 4 spell: Iskenderun's Mystic Blast
  5808 | D:5      | Entered Level 5 of the Dungeon
  5895 | D:5      | Found a stormy altar of Qazlal.
  5908 | D:5      | Your scales start taking on a pale cyan-grey colour.
  5908 | D:5      | Reached XP level 7. HP: 51/57 MP: 4/12
  5908 | D:5      | Gained mutation: You are immune to the effects of steam.
                  | [Pale Draconian growth]
  5975 | D:5      | Noticed Blork the orc
  5983 | D:5      | Killed Blork the orc
  6043 | D:5      | Noticed Duvessa
  6043 | D:5      | Noticed Dowan
  6096 | D:5      | Reached skill level 1 in Translocations
  6173 | D:5      | Found a sand-covered staircase.
  6178 | Ossuary  | Entered an ossuary
  6314 | Ossuary  | Reached skill level 1 in Hexes
  7097 | D:5      | Reached XP level 8. HP: 53/67 MP: 6/14
  7370 | D:5      | Noticed Menkaure
  7373 | D:5      | Killed Menkaure
  7591 | D:6      | Reached skill level 6 in Conjurations
  7591 | D:6      | Noticed Pikel
  7657 | D:6      | Killed Pikel
  7658 | D:6      | Reached skill level 5 in Fighting
  7792 | D:6      | Noticed Grinder
  7844 | D:6      | Paralysed by Grinder for 3 turns
  7849 | D:6      | Paralysed by Grinder for 7 turns
  7853 | D:6      | HP: 3/68 [Grinder (2)]
  7854 | D:6      | HP: 1/68 [Grinder (1)]
  7854 | D:6      | Slain by Grinder

Illustrated notes

Levels and vault maps discovered:
D:1:      lemuel_arrival_broad_hall, layout_rooms, st_stairs_12, minivault_26,
          minmay_indecisive_spiral
D:2:      layout_loops_ring, minmay_misc_feat_alley, minivault_25
D:3:      layout_basic, gup_sewer_entry_glass, minmay_surrounded
D:4:      corexii_shantytown, layout_basic
D:5:      layout_gridville, nicolae_qazlal_general_emergency,
          nicolae_ossuary_entry_plus, uniq_duvessa, uniq_blork_the_orc,
          uniq_menkaure, uniq_ijyb
D:6:      layout_basic, grunt_ministairs_7, nicolae_benzene_ring, uniq_grinder,
          uniq_pikel

Skill      XL: |  1  2  3  4  5  6  7  8 |
---------------+-------------------------+-----
Fighting       | 1 2 3 4 5 |  5.2
Stealth        | 2 3 |  3.9
Dodging        | 2 3 |  3.5
Spellcasting   | 3 4 |  4.9
Evocations     | 1 2 3 4 |  4.8
Conjurations   | 5 6 |  6.3
Translocations | 1 2 |  2.0
Hexes          | 1 2 |  2.0

Action                   |  1- 3 |  4- 6 |  7- 9 || total
-------------------------+-------+-------+-------++-------
Melee: Unarmed           |    29 |    27 |     3 ||    59
       Tailslap          |     2 |     5 |       ||     7
 Cast: Magic Dart        |    81 |   146 |     4 ||   231
       Searing Ray       |     2 |    23 |    37 ||    62
 Abil: Breathe Steam     |       |       |     6 ||     6
Armor: Skin              |    23 |    70 |    21 ||   114
Dodge: Dodged            |    40 |   103 |    51 ||   194
